 Dungeon Crawl Stone Soup version 0.30-a0-718-geaa24f58ff (webtiles) character file.

Game seed: 4300686238617836349

93 ragingrage the Shooter (level 4, -3/36 HPs)
             Began as a Draconian Hunter on Jan 25, 2023.
             Slain by a water moccasin (6 damage)
             ... in a sewer.
             The game lasted 00:01:47 (1870 turns).

ragingrage the Shooter (Draconian Hunter)           Turns: 1870, Time: 00:01:48

Health: -3/36      AC:  5    Str: 11 (13) XL:     4   Next: 37%
Magic:  3/3        EV: 12    Int:  7 (9)  God:
Gold:   119        SH:  0    Dex: 15 (17) Spells: 3/3 levels left

rFire   . . .      SeeInvis .    a - +0 shortbow
rCold   . . .      Faith    .    (shield currently unavailable)
rNeg    . . .      Spirit   .    (body armour unavailable)
rPois   .          Reflect  .    (helmet restricted)
rElec   .          Harm     .    (no cloak)
rCorr   .          Rampage  .    (no gloves)
Will    .....                    (no boots)
Stlth   ++                       (no amulet)
HPRegen 0.26/turn                (no ring)
MPRegen 0.08/turn                (no ring)

@: flying
A: AC +5, unfitting armour, cold-blooded, low MP 1
a: no special abilities


You were in a sewer.
You visited 1 branch of the dungeon, and saw 3 of its levels.
You also visited: Sewer.

You collected 119 gold pieces.

Inventory:

Hand Weapons
 a - a +0 shortbow (weapon)
Missiles
 i - 6 poisoned darts
Wands
 j - a wand of light (9)
Scrolls
 b - a scroll of immolation
 e - a scroll of identify {unknown}
 h - a scroll of vulnerability {unknown}
 k - 2 scrolls of teleportation {unknown}
 m - a scroll of enchant weapon {unknown}
 n - a scroll of magic mapping {unknown}
Potions
 f - 2 potions of degeneration
 g - a potion of mutation


   Skills:
 - Level 2.1 Fighting
 + Level 5.3 Ranged Weapons
 - Level 1.7 Dodging
 - Level 0.8 Stealth


You had 3 spell levels left.
You didn't know any spells.
Your spell library contained the following spells:

 Spells                   Type           Power      Damage    Failure   Level
 Cigotuvi's Dreadful Rot  Necr/Pois/Air  0%         N/A       56%         2
 Poisonous Vapours        Pois/Air       0%         N/A       56%         2
 Sublimation of Blood     Necr           0%         N/A       56%         2
 Wereblood                Tmut           0%         N/A       56%         2
 Mephitic Cloud           Conj/Pois/Air  0%         N/A       80%         3
 Summon Hydra             Summ           0%         N/A       100%        7


Dungeon Overview and Level Annotations

Branches:
Dungeon (3/15)              Sewer (1/1)

Altars:


Innate Abilities, Weirdness & Mutations

Your plain brown scales are hard. (AC +5)
You cannot fit into any form of body armour.
You are cold-blooded and may be slowed by cold attacks.
Your magical capacity is low. (-10% MP)


Message History

The water moccasin barely misses you.
Fire: a) +0 shortbow
Press: ? - help, Q - select action, (/) - cycle Shift-Dir - straight line, f/p - water moccasin
Aim: a water moccasin (heavily wounded, blind, 44% to hit)
You shoot an arrow.
The arrow hits the water moccasin but does no damage.
The water moccasin is heavily wounded.
The water moccasin bites you. The water moccasin closely misses you.
Fire: a) +0 shortbow
Press: ? - help, Q - select action, (/) - cycle Shift-Dir - straight line, f/p - water moccasin
Aim: a water moccasin (heavily wounded, blind, 44% to hit)
You shoot an arrow.
The arrow closely misses the water moccasin.
The water moccasin barely misses you. The water moccasin bites you.
Fire: a) +0 shortbow
Press: ? - help, Q - select action, (/) - cycle Shift-Dir - straight line, f/p - water moccasin
Aim: a water moccasin (heavily wounded, blind, 44% to hit)
You shoot an arrow. The arrow hits the water moccasin.
The water moccasin is severely wounded.
The water moccasin is no longer blind.
The water moccasin bites you.
* * * LOW HITPOINT WARNING * * *
The water moccasin barely misses you.
It was a potion of flight.
You feel very buoyant.
You fly up into the air.
The water moccasin misses you.
Fire: a) +0 shortbow
Press: ? - help, Q - select action, (/) - cycle Shift-Dir - straight line, f/p - water moccasin
Aim: a water moccasin (severely wounded, 44% to hit)
You shoot an arrow. The arrow hits the water moccasin.
The water moccasin is almost dead.
The water moccasin bites you.
* * * LOW HITPOINT WARNING * * *
The water moccasin bites you.
* * * LOW HITPOINT WARNING * * *
Aiming: Bolt of Light
Press: ? - help, Shift-Dir - straight line, f/p - water moccasin
Aim: a water moccasin (almost dead, 53% to hit)
The bolt of light misses the water moccasin.
The water moccasin bites you.
You die...

# # # # ########
## ###.~....### .#
###...~.~.~@S###
.#
###..~..####~~...#
.###.~.~.###
###....~#
.~.....~## #......
.###.~.~.# ....##
.# ###..~~~#
..##.) .# ###.~~.~
## ? ## ##.~.. #
####


You could see a water moccasin.

Vanquished Creatures
  3 adders (D:3)
  A river rat (D:3)
  3 worms
  2 dart slugs
  2 ball pythons (D:1)
  2 bats
  2 endoplasms
  2 giant cockroaches (D:1)
  7 goblins
  5 hobgoblins
  2 jackals (Sewer)
  2 quokkas (D:1)
  2 frilled lizards (D:1)
  3 kobolds
  5 rats
43 creatures vanquished.

Vanquished Creatures (others)
  8 plants
8 creatures vanquished.

Grand Total: 51 creatures vanquished

Notes
Turn   | Place    | Note
-------+----------+-------------------------------------------
     0 | D:1      | ragingrage the Draconian Hunter began the quest for the
                  | Orb.
     0 | D:1      | Reached XP level 1. HP: 17/17 MP: 1/1
    70 | D:1      | Reached skill level 4 in Ranged Weapons
    77 | D:1      | Reached XP level 2. HP: 22/24 MP: 2/2
   525 | D:1      | Reached XP level 3. HP: 29/29 MP: 3/3
  1076 | D:2      | Found a faded altar of an unknown god.
  1688 | D:3      | Reached skill level 5 in Ranged Weapons
  1715 | D:3      | Reached XP level 4. HP: 36/36 MP: 4/4
  1765 | D:3      | Found a glowing drain.
  1770 | Sewer    | Entered a sewer
  1848 | Sewer    | Noticed a water moccasin
  1856 | Sewer    | Gained mutation: Your magical capacity is low. (-10% MP)
                  | [potion of mutation]
  1870 | Sewer    | Slain by a water moccasin

Illustrated notes

Levels and vault maps discovered:
D:1:      minmay_arrival_checkered_box, layout_basic, serial_forest,
          infiniplex_forest_clump_curved, infiniplex_forest_straight_3,
          infiniplex_forest_straight_4, infiniplex_forest_end_1,
          infiniplex_forest_straight_5, infiniplex_forest_clump_curved,
          serial_bayou_lagoon_a
D:2:      layout_loops_ring, dreamdust_ecumenical_altar_angels_and_demons,
          serial_forest, infiniplex_forest_clump_long, infiniplex_forest_end_1,
          infiniplex_forest_straight_4, infiniplex_forest_lined_room_2,
          infiniplex_forest_end_3, infiniplex_forest_straight_4,
          infiniplex_forest_clump_long, lightli_corner_chamber
D:3:      layout_loops_ring, lightli_sewer_entry_pipes
Sewer:    sewer_the_moccasin

Skill      XL: |  1  2  3 |
---------------+----------+-----
Ranged Weapons | 4 5 |  5.3
Fighting       | |  2.1
Dodging        | |  1.7
Stealth        | |  0.8

Action                     |  1- 3 |  4- 6 || total
---------------------------+-------+-------++-------
   Fire: Shortbow          |   116 |    42 ||   158
  Evoke: Wand              |       |     3 ||     3
    Use: Potion            |       |     5 ||     5
 Armour: Skin              |    24 |    11 ||    35
  Dodge: Dodged            |    33 |    41 ||    74

Table legend: (Time is in decaauts)
 A = Elapsed time spent in this place.
 B = Non-inter-level travel time spent in this place.
 C = Inter-level travel time spent in this place.
 D = Time resting spent in this place.
 E = Time spent auto-exploring this place.
 F = Levels seen in this place.
 G = Mean time per level.
                   A        B        C        D        E       F      G
               +--------+--------+--------+--------+--------+-----+--------+
         Total |   1932 |   1761 |    171 |     54 |   1362 |   4 |  483.0 |
       Dungeon |   1821 |   1650 |    171 |     46 |   1311 |   3 |  607.0 |
         Sewer |    111 |    111 |      0 |      8 |     51 |   1 |  111.0 |
               +--------+--------+--------+--------+--------+-----+--------+

Top non-repeatable levels by time:
     D:2: 990 daAuts
     D:1: 717 daAuts
     D:3: 114 daAuts
   Sewer: 111 daAuts
